 Dungeon Crawl Stone Soup version 0.22-a0-307-g2b15929 (webtiles) character file.

6549 tidbits the Covert (level 11, -4/84 HPs)
             Began as a Gnoll Assassin on Apr 1, 2018.
             Was a Believer of Cheibriados.
             Slain by a yak (17 damage)
             ... on level 12 of the Dungeon.
             The game lasted 00:36:53 (3692 turns).

tidbits the Covert (Gnoll Assassin)                 Turns: 3692, Time: 00:36:54

Health: -4/84      AC:  9    Str: 17    XL:     11   Next: 1%
Magic:  17/19      EV: 17    Int: 22    God:    Cheibriados [**....]
Gold:   62         SH:  6    Dex: 22    Spells: 13/21 levels left

rFire    . . .     SeeInvis .   f - +2 war axe (elec)
rCold    . . .     Gourm    .   D - +0 buckler
rNeg     . . .     Faith    +   o - +0 robe of the Twelve Ships {Regen+} (curse)
rPois    .         Spirit   .   E - +2 helmet
rElec    +         Reflect  .   C - +0 cloak
rCorr    .         Harm     .   G - +0 pair of gloves
MR       .....                  F - +0 pair of boots
Stlth    +++++.....             z - amulet of faith
HPRegen  1.04/turn              T - ring "Rynokker" {Wiz rElec}
MPRegen  0.16/turn              (no ring)

@: very slow
A: distributed training, fangs 1, thin skeletal structure 1, regeneration 1,
strong nose
a: Bend Time, Renounce Religion


You were on level 12 of the Dungeon.
You worshipped Cheibriados.
Cheibriados was pleased with you.
You were very hungry.

You visited 2 branches of the dungeon, and saw 13 of its levels.
You also visited: Bailey.

You collected 638 gold pieces.
You spent 576 gold pieces at shops.

Inventory:

Hand Weapons
 a - a +2 dagger
 b - the +3 flail of Vumy {flame, rPois rC- Dex+5 Stlth+}
   (You found it on level 5 of the Dungeon)

   It has been specially enchanted to burn those struck by it, causing extra
   injury to most foes and up to half again as much damage against particularly
   susceptible opponents.
   It affects your dexterity (+5).
   It makes you vulnerable to cold.
   It protects you from poison.
   It makes you more stealthy.
 f - a +2 war axe of electrocution (weapon)
   (You took it off an orc on level 7 of the Dungeon)
 g - a +0 blowgun
 u - a cursed +0 halberd
 x - a +1 dire flail of crushing
   (You took it off Blork the orc on level 4 of the Dungeon)
Missiles
 e - 33 poisoned needles
 n - 2 curare-tipped needles
 v - a throwing net (quivered) {!f}
 V - 5 tomahawks
Armour
 i - a +0 ring mail
 k - a +0 robe
 o - the cursed +0 robe of the Twelve Ships (worn) {Regen+}
   (You found it on level 4 of the Dungeon)

   It increases your rate of regeneration.
   It has a curse placed upon it.
 r - the +2 robe of Submission {*Drain rElec rPois Stlth+, unknown}
   (You found it on level 5 of the Dungeon)

   It insulates you from electricity.
   It protects you from poison.
   It causes draining when unequipped.
   It makes you more stealthy.
 w - a +1 leather armour of fire resistance
   (You found it in a bailey)
 y - a +0 robe
 B - +0 shadow dragon scales
 C - a +0 cloak (worn)
 D - a +0 buckler (worn)
 E - a +2 helmet (worn)
 F - a +0 pair of boots (worn)
 G - a +0 pair of gloves (worn)
 L - the +2 scale mail of Qazlal {*Corrode Dex+4 SInv, unknown}
   (You found it on level 9 of the Dungeon)

   It affects your dexterity (+4).
   It lets you see invisible.
   It may corrode you when you take damage.
 S - a +0 troll leather armour
Magical Staves
 M - an uncursed staff of wizardry {unknown}
   (You found it on level 9 of the Dungeon)
Jewellery
 z - an amulet of faith (around neck)
   (You found it on level 8 of the Dungeon)
 T - the ring "Rynokker" (left hand) {Wiz rElec}
   (You acquired it on level 11 of the Dungeon)

   [ring of wizardry]

   It improves your spell success rate.
   It insulates you from electricity.
Wands
 d - a wand of digging (12)
 t - a wand of polymorph (18)
Scrolls
 h - 2 scrolls of fear
 l - a scroll of teleportation
 p - a scroll of noise
 q - 2 scrolls of immolation
 K - a scroll of holy word
 N - a scroll of magic mapping
Potions
 j - 3 potions of resistance
 m - a potion of cancellation
 A - 2 potions of lignification
 H - a potion of berserk rage {unknown}
 I - 3 potions of heal wounds
 J - 2 potions of flight
 O - 2 potions of curing
 P - a potion of magic
 Q - 2 potions of brilliance
 R - a potion of invisibility
 U - a potion of ambrosia {unknown}
Miscellaneous
 s - a phantom mirror
Comestibles
 c - 8 rations


   Skills:
 + Level 7.4 Fighting
 + Level 7.4 Short Blades
 + Level 5.7 Long Blades
 + Level 5.7 Axes
 + Level 5.7 Maces & Flails
 + Level 5.7 Polearms
 + Level 5.7 Staves
 + Level 5.7 Slings
 + Level 5.7 Bows
 + Level 5.7 Crossbows
 + Level 7.4 Throwing
 + Level 5.7 Armour
 + Level 6.3 Dodging
 + Level 9.7 Stealth
 + Level 5.7 Shields
 + Level 5.7 Unarmed Combat
 + Level 5.7 Spellcasting
 + Level 4.7 Conjurations
 + Level 4.7 Hexes
 + Level 4.7 Charms
 + Level 4.7 Summonings
 + Level 4.7 Necromancy
 + Level 4.7 Translocations
 + Level 4.7 Transmutations
 + Level 4.7 Fire Magic
 + Level 4.7 Ice Magic
 + Level 4.7 Air Magic
 + Level 4.7 Earth Magic
 + Level 4.7 Poison Magic
 + Level 6.2 Invocations
 + Level 5.7 Evocations


You had 13 spell levels left.
You knew the following spells:

 Your Spells              Type           Power        Failure   Level  Hunger
r - Regeneration          Chrm/Necr      ####......   1%          3    ##.....
A - Apportation           Tloc           ####..       1%          1    None
N - Animate Dead          Necr           N/A          5%          4    ####...


Dungeon Overview and Level Annotations

Branches:
Dungeon (12/15)            Temple (1/1) D:4             Orc (0/2) D:9
   Lair: D:8-11

Altars:
Ashenzari
Cheibriados
Dithmenos
Elyvilon
Fedhas
Hepliaklqana
Makhleb
Okawaru
Qazlal
Ru
Sif Muna
Trog
Uskayaw
Vehumet
Wu Jian
Xom
Yredelemnul
Zin
The Shining One
Jiyva

Shops:
D:10 !

Portals:
Ice
Cave: D:11

Annotations:
D:11 exclusion: hydra


Innate Abilities, Weirdness & Mutations

Your experience applies equally to all skills.
You have very sharp teeth.
Your uncanny sense of smell can sniff out nearby items.
You have a somewhat thin skeletal structure. (Dex +2, Stealth)
Your natural rate of healing is unusually fast.


Message History

The centaur warrior zombie is almost destroyed.
The centaur warrior zombie hits you.
You hit the centaur warrior zombie but do no damage.
You bite the centaur warrior zombie.
The centaur warrior zombie is almost destroyed.
The yak bellows! x3
You block the centaur warrior zombie's attack.
Unknown command.
Casting: Apportation (safe; 1% risk of failure)
Confirm with . or Enter, or press ? or * to list all spells.
Your skin crawls.
The yak bellows! x3
You hear a distant blaring wail to the southwest.
You block the centaur warrior zombie's attack.
Unknown command.
Wield which item (- for none, * to show all)? (? for menu, Esc to quit)
You hear the crackle of electricity.
f - a +2 war axe of electrocution (weapon)
The centaur warrior zombie hits you.
Unknown command.
You slash the centaur warrior zombie!
You destroy the centaur warrior zombie!
Cheibriados thoroughly appreciates the change of pace.
You hit the yak. You hit the yak.
The yak is lightly wounded.
You hit the yak but do no damage. The yak barely misses you.
The yak misses you.
You hit the yak. You bite the yak, but do no damage.
The yak is lightly wounded.
You hit the yak. You slash the yak! Lightning courses through the yak!
The yak completely misses you. The yak gores you but does no damage.
The yak barely misses you. The yak gores you but does no damage.
You block the yak's attack. x2; The yak completely misses you.
You hit the yak. You bite the yak, but do no damage.
The yak is lightly wounded.
You slash the yak! You hit the yak but do no damage. You hit the yak.
You barely miss the yak.
The yak barely misses you. x2; The yak misses you.
You block the yak's attack. x2
You hit the yak. Lightning courses through the yak!
You kill the yak!
Cheibriados appreciates the change of pace.
You barely miss the yak. You hit the yak. You barely miss the yak.
You hit the yak but do no damage. The yak gores you.
You block the yak's attack. The yak closely misses you. The yak gores you!
You slash the yak!
The yak is heavily wounded.
You slash the yak! Lightning courses through the yak! You slash the yak!
You barely miss the yak. x2; The yak misses you.
You block the yak's attack. The yak gores you but does no damage.
The yak misses you. The yak closely misses you.
You slash the yak! Lightning courses through the yak!
You kill the yak!
Cheibriados appreciates the change of pace.
You slash the yak! Lightning courses through the yak! You barely miss the yak.
You hit the yak but do no damage. You hit the yak. The yak barely misses you.
The yak gores you. The yak gores you! The yak barely misses you.
You slash the yak!
The yak is severely wounded.
You hit the yak. Lightning courses through the yak!
You kill the yak!
Cheibriados appreciates the change of pace.
You hit the yak. Lightning courses through the yak!
You hit the yak but do no damage.
Your skin is crawling a little less now.
You block the yak's attack. The yak gores you. The yak barely misses you.
The yak closely misses you. The yak gores you but does no damage.
You hit the yak.
The yak is severely wounded.
You hit the yak. x2; Lightning courses through the yak!
You kill the yak!
Cheibriados appreciates the change of pace.
You have reached level 11!
The yak completely misses you. The yak gores you! x2
* * * LOW HITPOINT WARNING * * *
You hit the yak.
The yak is severely wounded.
You slash the yak! You block the yak's attack. The yak gores you!
* * * LOW HITPOINT WARNING * * *
You barely miss the yak.
The yak is severely wounded.
You hit the yak but do no damage. Lightning courses through the yak!
The yak barely misses you. The yak gores you!
* * * LOW HITPOINT WARNING * * *
You hit the yak but do no damage.
The yak is severely wounded.
You hit the yak.
Your skin stops crawling.
Something hits you but does no damage. The yak gores you but does no damage.
The yak barely misses you. You block the yak's attack.
Unknown command.
You completely miss the yak.
The yak is severely wounded.
You barely miss the yak. You hit something. Something hits you.
* * * LOW HITPOINT WARNING * * *
The yak gores you.
* * * LOW HITPOINT WARNING * * *
The yak gores you!
You die...

#.##.....##
#.........#
#.........#
..........# #
#.........##.#
#...{{.......
#.....†.Y.#
#.....†@..#
......†Y..#
#.........#
########### ∆
∆


You could see 2 yaks.

Vanquished Creatures
  A two-headed ogre (D:8)
  The ghost of Tungsten the Ducker, a novice TeVM of Kikubaaqudgha (D:7)
  A cyclops (D:11)
  A centaur zombie (D:12)
  Joseph (D:7)
  An ice devil (D:11)
  A troll (D:11)
  A hippogriff (D:9)
  A spriggan (D:8)
  A wyvern (D:8)
  4 yaks (D:12)
  Menkaure (D:5)
  A porcupine (Bailey)
  2 orc warriors
  3 black bears
  2 ogres
  A big kobold (D:8)
  Blork the orc (D:4)
  7 gnoll sergeants (Bailey)
  2 wyvern zombies
  A bullfrog (D:8)
  A scorpion (D:5)
  9 killer bees
  A howler monkey (D:8)
  A crimson imp (D:5)
  5 hounds
  An orc wizard (D:7)
  6 gnoll shamans (Bailey)
  A jelly (D:7)
  An orc priest (D:8)
  A bullfrog skeleton (D:11)
  4 worker ants
  A worker ant zombie (D:8)
  5 adders
  14 gnolls (Bailey)
  2 shadow imps
  An ooze (D:1)
  An adder zombie (D:5)
  An adder skeleton (D:5)
  3 worms
  2 dart slugs
  3 leopard geckos
  15 orcs
  A ball python (D:4)
  6 giant cockroaches
  6 goblins
  3 hobgoblins
  7 jackals
  3 quokkas
  4 bats (D:2)
  2 frilled lizards
  13 kobolds
  A quokka skeleton (D:4)
  2 quokka zombies
  2 rats (D:2)
164 creatures vanquished.

Vanquished Creatures (collateral kills)
  A jelly (D:11)
  A worker ant (D:8)
2 creatures vanquished.

Grand Total: 166 creatures vanquished

Notes
Turn   | Place    | Note
-------+----------+-------------------------------------------
     0 | D:1      | tidbits the Gnoll Assassin began the quest for the Orb.
     0 | D:1      | Reached XP level 1. HP: 20/20 MP: 1/1
    76 | D:1      | Reached XP level 2. HP: 21/26 MP: 2/2
   166 | D:2      | Reached XP level 3. HP: 15/31 MP: 3/3
   244 | D:2      | Reached skill level 1 in Invocations
   288 | D:2      | Found a glowing silver altar of Zin.
   316 | D:3      | Reached skill level 1 in Long Blades
   316 | D:3      | Reached skill level 1 in Axes
   316 | D:3      | Reached skill level 1 in Maces & Flails
   316 | D:3      | Reached skill level 1 in Polearms
   316 | D:3      | Reached skill level 1 in Staves
   316 | D:3      | Reached skill level 1 in Slings
   316 | D:3      | Reached skill level 1 in Bows
   316 | D:3      | Reached skill level 1 in Crossbows
   316 | D:3      | Reached skill level 1 in Armour
   316 | D:3      | Reached skill level 1 in Shields
   316 | D:3      | Reached skill level 1 in Unarmed Combat
   316 | D:3      | Reached skill level 1 in Spellcasting
   316 | D:3      | Reached skill level 1 in Evocations
   316 | D:3      | Reached XP level 4. HP: 16/38 MP: 5/5
   345 | D:3      | Found a hide-covered altar of Uskayaw.
   438 | D:2      | Reached skill level 1 in Conjurations
   438 | D:2      | Reached skill level 1 in Hexes
   438 | D:2      | Reached skill level 1 in Charms
   438 | D:2      | Reached skill level 1 in Summonings
   438 | D:2      | Reached skill level 1 in Necromancy
   438 | D:2      | Reached skill level 1 in Translocations
   438 | D:2      | Reached skill level 1 in Transmutations
   438 | D:2      | Reached skill level 1 in Fire Magic
   438 | D:2      | Reached skill level 1 in Ice Magic
   438 | D:2      | Reached skill level 1 in Air Magic
   438 | D:2      | Reached skill level 1 in Earth Magic
   438 | D:2      | Reached skill level 1 in Poison Magic
   595 | D:3      | Found a burning altar of Makhleb.
   607 | D:3      | Reached XP level 5. HP: 43/43 MP: 5/7
   630 | D:3      | You fall through a shaft for 2 floors!
   630 | D:5      | Entered Level 5 of the Dungeon
   638 | D:5      | Got a fine flail
   639 | D:5      | Identified the +3 flail of Vumy {flame, rPois rC- Dex+5 Stlth+} (You found it on level 5 of the Dungeon)
   711 | D:4      | Found a shattered altar of Ashenzari.
   784 | D:4      | Got a steaming robe
   961 | D:5      | Reached skill level 3 in Dodging
  1017 | D:6      | Found a sacrificial altar of Ru.
  1078 | D:5      | Reached skill level 8 in Stealth
  1078 | D:5      | Reached skill level 2 in Invocations
  1078 | D:5      | Reached XP level 6. HP: 50/50 MP: 8/8
  1085 | D:5      | Got a heavily jewelled robe
  1160 | D:5      | Noticed Menkaure
  1167 | D:5      | Killed Menkaure
  1167 | D:5      | Reached skill level 5 in Fighting
  1167 | D:5      | Reached skill level 5 in Short Blades
  1167 | D:5      | Reached skill level 2 in Long Blades
  1167 | D:5      | Reached skill level 2 in Axes
  1167 | D:5      | Reached skill level 2 in Maces & Flails
  1167 | D:5      | Reached skill level 2 in Polearms
  1167 | D:5      | Reached skill level 2 in Staves
  1167 | D:5      | Reached skill level 2 in Slings
  1167 | D:5      | Reached skill level 2 in Bows
  1167 | D:5      | Reached skill level 2 in Crossbows
  1167 | D:5      | Reached skill level 5 in Throwing
  1167 | D:5      | Reached skill level 2 in Armour
  1167 | D:5      | Reached skill level 2 in Shields
  1167 | D:5      | Reached skill level 2 in Unarmed Combat
  1167 | D:5      | Reached skill level 2 in Spellcasting
  1167 | D:5      | Reached skill level 2 in Evocations
  1228 | D:5      | Reached XP level 7. HP: 13/56 MP: 10/10
  1500 | D:7      | Noticed Tungsten's ghost (novice TeVM)
  1546 | D:7      | Killed Tungsten's ghost
  1546 | D:7      | Reached skill level 2 in Conjurations
  1546 | D:7      | Reached skill level 2 in Hexes
  1546 | D:7      | Reached skill level 2 in Charms
  1546 | D:7      | Reached skill level 2 in Summonings
  1546 | D:7      | Reached skill level 2 in Necromancy
  1546 | D:7      | Reached skill level 2 in Translocations
  1546 | D:7      | Reached skill level 2 in Transmutations
  1546 | D:7      | Reached skill level 2 in Fire Magic
  1546 | D:7      | Reached skill level 2 in Ice Magic
  1546 | D:7      | Reached skill level 2 in Air Magic
  1546 | D:7      | Reached skill level 2 in Earth Magic
  1546 | D:7      | Reached skill level 2 in Poison Magic
  1546 | D:7      | Reached skill level 3 in Invocations
  1546 | D:7      | Reached XP level 8. HP: 48/63 MP: 10/12
  1576 | D:8      | Reached skill level 3 in Long Blades
  1576 | D:8      | Reached skill level 3 in Axes
  1576 | D:8      | Reached skill level 3 in Maces & Flails
  1576 | D:8      | Reached skill level 3 in Polearms
  1576 | D:8      | Reached skill level 3 in Staves
  1576 | D:8      | Reached skill level 3 in Slings
  1576 | D:8      | Reached skill level 3 in Bows
  1576 | D:8      | Reached skill level 3 in Crossbows
  1576 | D:8      | Reached skill level 3 in Armour
  1576 | D:8      | Reached skill level 4 in Dodging
  1576 | D:8      | Reached skill level 3 in Shields
  1576 | D:8      | Reached skill level 3 in Unarmed Combat
  1576 | D:8      | Reached skill level 3 in Spellcasting
  1576 | D:8      | Reached skill level 3 in Evocations
  1590 | D:8      | Found a flagged portal.
  1619 | D:8      | Noticed a two-headed ogre
  1630 | D:8      | Killed a two-headed ogre
  1630 | D:8      | Reached skill level 6 in Fighting
  1630 | D:8      | Reached skill level 6 in Short Blades
  1630 | D:8      | Reached skill level 6 in Throwing
  1630 | D:8      | Reached skill level 3 in Conjurations
  1630 | D:8      | Reached skill level 3 in Hexes
  1630 | D:8      | Reached skill level 3 in Charms
  1630 | D:8      | Reached skill level 3 in Summonings
  1630 | D:8      | Reached skill level 3 in Necromancy
  1630 | D:8      | Reached skill level 3 in Translocations
  1630 | D:8      | Reached skill level 3 in Transmutations
  1630 | D:8      | Reached skill level 3 in Fire Magic
  1630 | D:8      | Reached skill level 3 in Ice Magic
  1630 | D:8      | Reached skill level 3 in Air Magic
  1630 | D:8      | Reached skill level 3 in Earth Magic
  1630 | D:8      | Reached skill level 3 in Poison Magic
  1630 | D:8      | Reached skill level 4 in Invocations
  1630 | D:8      | Reached XP level 9. HP: 19/69 MP: 12/14
  1651 | Bailey   | Entered a bailey
  1733 | Bailey   | Reached skill level 4 in Long Blades
  1733 | Bailey   | Reached skill level 4 in Axes
  1733 | Bailey   | Reached skill level 4 in Maces & Flails
  1733 | Bailey   | Reached skill level 4 in Polearms
  1733 | Bailey   | Reached skill level 4 in Staves
  1733 | Bailey   | Reached skill level 4 in Slings
  1733 | Bailey   | Reached skill level 4 in Bows
  1733 | Bailey   | Reached skill level 4 in Crossbows
  1733 | Bailey   | Reached skill level 4 in Armour
  1733 | Bailey   | Reached skill level 4 in Shields
  1733 | Bailey   | Reached skill level 4 in Unarmed Combat
  1733 | Bailey   | Reached skill level 4 in Spellcasting
  1733 | Bailey   | Reached skill level 4 in Evocations
  1856 | Bailey   | Reached skill level 5 in Dodging
  1947 | Bailey   | Reached skill level 9 in Stealth
  2138 | D:7      | Found a deep blue altar of Sif Muna.
  2232 | D:7      | Learned a level 1 spell: Apportation
  2297 | D:7      | Noticed Joseph
  2330 | D:7      | Killed Joseph
  2330 | D:7      | Reached skill level 5 in Invocations
  2472 | D:4      | Noticed Blork the orc
  2478 | D:4      | Killed Blork the orc
  2478 | D:4      | Reached XP level 10. HP: 76/77 MP: 17/17
  2527 | D:4      | Gained mutation: Your natural rate of healing is unusually fast. [potion of mutation]
  2527 | D:4      | Gained mutation: You have a somewhat thin skeletal structure. (Dex +2, Stealth) [potion of mutation]
  2633 | D:4      | Found a staircase to the Ecumenical Temple.
  2643 | Temple   | Entered the Ecumenical Temple
  2682 | Temple   | Became a worshipper of Cheibriados the Contemplative
  2699 | Temple   | Learned a level 3 spell: Regeneration
  2709 | Temple   | Identified the cursed +0 robe of the Twelve Ships {Regen+} (You found it on level 4 of the Dungeon)
  2714 | Temple   | Learned a level 4 spell: Animate Dead
  2842 | D:8      | Reached skill level 4 in Conjurations
  2842 | D:8      | Reached skill level 4 in Hexes
  2842 | D:8      | Reached skill level 4 in Charms
  2842 | D:8      | Reached skill level 4 in Summonings
  2842 | D:8      | Reached skill level 4 in Necromancy
  2842 | D:8      | Reached skill level 4 in Translocations
  2842 | D:8      | Reached skill level 4 in Transmutations
  2842 | D:8      | Reached skill level 4 in Fire Magic
  2842 | D:8      | Reached skill level 4 in Ice Magic
  2842 | D:8      | Reached skill level 4 in Air Magic
  2842 | D:8      | Reached skill level 4 in Earth Magic
  2842 | D:8      | Reached skill level 4 in Poison Magic
  2975 | D:8      | Found a blossoming altar of Fedhas.
  3042 | D:8      | Reached skill level 5 in Long Blades
  3042 | D:8      | Reached skill level 5 in Axes
  3042 | D:8      | Reached skill level 5 in Maces & Flails
  3042 | D:8      | Reached skill level 5 in Polearms
  3042 | D:8      | Reached skill level 5 in Staves
  3042 | D:8      | Reached skill level 5 in Slings
  3042 | D:8      | Reached skill level 5 in Bows
  3042 | D:8      | Reached skill level 5 in Crossbows
  3042 | D:8      | Reached skill level 5 in Armour
  3042 | D:8      | Reached skill level 5 in Shields
  3042 | D:8      | Reached skill level 5 in Unarmed Combat
  3042 | D:8      | Reached skill level 5 in Spellcasting
  3042 | D:8      | Reached skill level 5 in Evocations
  3081 | D:10     | Entered Level 10 of the Dungeon
  3088 | D:9      | Found an iron altar of Okawaru.
  3092 | D:9      | Found a shadowy altar of Dithmenos.
  3095 | D:9      | Found a staircase to the Orcish Mines.
  3144 | D:9      | Reached * piety under Cheibriados
  3175 | D:9      | Got a polished scale mail
  3185 | D:9      | Found an ornate altar of the Wu Jian Council.
  3380 | D:10     | Found Nirru's Distillery.
  3388 | D:10     | Bought a potion of flight for 48 gold pieces
  3388 | D:10     | Bought a potion of heal wounds for 80 gold pieces
  3388 | D:10     | Bought a potion of magic for 128 gold pieces
  3388 | D:10     | Bought 2 potions of brilliance for 128 gold pieces
  3388 | D:10     | Bought a potion of invisibility for 128 gold pieces
  3388 | D:10     | Bought a potion of lignification for 48 gold pieces
  3388 | D:10     | Bought a potion of degeneration for 16 gold pieces
  3402 | D:11     | Noticed a cyclops
  3403 | D:11     | Killed a cyclops
  3403 | D:11     | Reached skill level 7 in Fighting
  3403 | D:11     | Reached skill level 7 in Short Blades
  3403 | D:11     | Reached skill level 7 in Throwing
  3423 | D:11     | Found a shattered altar of Ashenzari.
  3430 | D:11     | Noticed a five-headed hydra
  3444 | D:11     | Reached skill level 6 in Dodging
  3540 | D:11     | Identified a scroll of acquirement
  3541 | D:11     | Got a pitted marble ring
  3542 | D:11     | Identified the ring "Rynokker" {Wiz rElec} (You acquired it on level 11 of the Dungeon)
  3601 | D:11     | Reached ** piety under Cheibriados
  3614 | D:11     | Found a frozen archway.
  3625 | D:11     | HP: 4/79 [ice devil (21)]
  3626 | D:11     | Reached skill level 6 in Invocations
  3688 | D:12     | Reached XP level 11. HP: 53/84 MP: 16/19
  3692 | D:12     | Slain by a yak

Vault maps used:
D:1:      evilmike_arrival_fibonacci_small
D:2:      lemuel_upstairs_altar, zin_statuary
D:3:      minmay_wonky_spiral, makhleb_blood_cavern_becter,
          eat_drink_and_be_merry_uskayaw, kiku_gazebo_pond_becter,
          uniq_crazy_yiuf_cottage
D:4:      kennysheep_little_box, minmay_temple_entry_trees, uniq_blork_the_orc,
          uniq_grinder
D:5:      first_ration, uniq_menkaure
D:6:      grunt_temple_overflow_opulence, nicolae_overflow_hidden_temple,
          kennysheep_small_spiral
D:7:      led_sif_book, uniq_joseph
D:8:      nicolae_overflow_crystal_walls, enter_bailey_2, grunt_pizzeria
D:9:      marbit_many_paths, grunt_temple_overflow_open, david_lair_shrubbed
D:10:     serial_shops, nicolae_shop_trees, uniq_urug
D:11:     portal_ice_cave_demonic_guard, basic_loot_grate_trap,
          evilmike_ruin_ashenzari, uniq_nergalle
D:12:     nrook_uturn, uniq_frances
Temple:   pf_slimified_temple
Bailey:   bailey_polearm_gnolls_kennysheep, bailey

Skill      XL: |  1  2  3  4  5  6  7  8  9 10 |
---------------+-------------------------------+-----
Invocations    | 1 2 3 4 5 6 |  6.2
Long Blades    | 1 2 3 4 5 |  5.7
Axes           | 1 2 3 4 5 |  5.7
Maces & Flails | 1 2 3 4 5 |  5.7
Polearms       | 1 2 3 4 5 |  5.7
Staves         | 1 2 3 4 5 |  5.7
Slings         | 1 2 3 4 5 |  5.7
Bows           | 1 2 3 4 5 |  5.7
Crossbows      | 1 2 3 4 5 |  5.7
Armour         | 1 2 3 4 5 |  5.7
Shields        | 1 2 3 4 5 |  5.7
Unarmed Combat | 1 2 3 4 5 |  5.7
Spellcasting   | 1 2 3 4 5 |  5.7
Evocations     | 1 2 3 4 5 |  5.7
Conjurations   | 1 2 3 4 |  4.7
Hexes          | 1 2 3 4 |  4.7
Charms         | 1 2 3 4 |  4.7
Summonings     | 1 2 3 4 |  4.7
Necromancy     | 1 2 3 4 |  4.7
Translocations | 1 2 3 4 |  4.7
Transmutations | 1 2 3 4 |  4.7
Fire Magic     | 1 2 3 4 |  4.7
Ice Magic      | 1 2 3 4 |  4.7
Air Magic      | 1 2 3 4 |  4.7
Earth Magic    | 1 2 3 4 |  4.7
Poison Magic   | 1 2 3 4 |  4.7
Dodging        | 3 4 5 6 |  6.3
Stealth        | 8 9 |  9.7
Fighting       | 5 6 7 |  7.4
Short Blades   | 5 6 7 |  7.4
Throwing       | 5 6 7 |  7.4

Action                   |  1- 3 |  4- 6 |  7- 9 | 10-12 || total
-------------------------+-------+-------+-------+-------++-------
Melee: Dagger            |    77 |    42 |    17 |    17 ||   153
       Bite              |     5 |    14 |    37 |    23 ||    79
       Flail             |       |    78 |   199 |    33 ||   310
       War axe           |       |       |       |    89 ||    89
 Fire: Blowgun           |     2 |     2 |    33 |     1 ||    38
Throw: Throwing net      |       |       |     7 |       ||     7
 Cast: Apportation       |       |       |       |    14 ||    14
       Regeneration      |       |       |       |     9 ||     9
       Animate Dead      |       |       |       |     2 ||     2
Evoke: Wand              |       |       |    19 |     1 ||    20
  Use: Scroll            |       |     8 |     5 |     6 ||    19
       Potion            |       |       |     4 |     1 ||     5
 Stab: Sleeping          |     6 |    11 |     5 |    17 ||    39
       Held in net/web   |       |       |     4 |       ||     4
       Distracted        |       |       |     1 |       ||     1
  Eat: Chunk             |       |     1 |     5 |     3 ||     9
Armor: Robe              |    11 |       |       |    42 ||    53
       Shadow dragon sca |    11 |    74 |   147 |     4 ||   236
Dodge: Dodged            |    35 |    46 |    89 |   127 ||   297
Block: Buckler           |    11 |    20 |    76 |    55 ||   162

Table legend:
 A = Spawn XP
 B = Non-spawn XP
 C = Spawn XP percentage of total XP
 D = Spawn monster count
 E = Non-spawn monster count
 F = Spawn count percentage of total count
 G = Total turns spent on level
                    A         B        C        D         E        F      G
               +---------+---------+-------+---------+---------+-------+---------
         Total |       0 |    9356 |   0.0 |       0 |     166 |   0.0 |  3692
               +---------+---------+-------+---------+---------+-------+---------
           D:1 |       0 |      22 |   0.0 |       0 |       8 |   0.0 |   153
           D:2 |       0 |      76 |   0.0 |       0 |      26 |   0.0 |   321
           D:3 |       0 |     103 |   0.0 |       0 |      10 |   0.0 |   202
           D:4 |       0 |     158 |   0.0 |       0 |      12 |   0.0 |   409
           D:5 |       0 |     490 |   0.0 |       0 |      17 |   0.0 |   439
           D:7 |       0 |    1501 |   0.0 |       0 |      11 |   0.0 |   476
           D:8 |       0 |    1951 |   0.0 |       0 |      26 |   0.0 |   349
           D:9 |       0 |     549 |   0.0 |       0 |       5 |   0.0 |   288
          D:11 |       0 |    1955 |   0.0 |       0 |      16 |   0.0 |   272
          D:12 |       0 |    1278 |   0.0 |       0 |       5 |   0.0 |    18
        Bailey |       0 |    1273 |   0.0 |       0 |      30 |   0.0 |   426
               +---------+---------+-------+---------+---------+-------+---------

Table legend:
 A = Turns spent in this place as a percentage of turns spent in the entire game.
 B = Non-inter-level travel turns spent in this place as a percentage of non-inter-level travel turns spent in the entire game.
 C = Inter-level travel turns spent in this place as a percentage of turns spent in this place.
 D = Turns resting spent in this place as a percentage of non-inter-level travel turns spent in this place.
 E = Turns spent auto-exploring this place as a percentage of non-inter-level travel turns spent in this place.
 F = Non-inter-level travel turns spent in this place divided by the number of levels of this place that you've seen.
                   A       B       C       D       E      F
               +-------+-------+-------+-------+-------+----------------------
         Total | 100.0 | 100.0 |   1.7 |   0.0 |   0.0 | 259.3
       Dungeon |  86.5 |  86.6 |   1.6 |   0.0 |   0.0 | 262.0
        Temple |   2.0 |   1.7 |  16.7 |   0.0 |   0.0 |  60.0
        Bailey |  11.5 |  11.7 |   0.0 |   0.0 |   0.0 | 426.0
               +-------+-------+-------+-------+-------+----------------------

Table legend:
 A = Kills in this place as a percentage of kills in entire the game.
 B = Kills by you in this place as a percentage of kills by you in the entire game.
 C = Kills by friends in this place as a percentage of kills by friends in the entire game.
 D = Other kills in this place as a percentage of other kills in the entire game.
 E = Experience gained in this place as a percentage of experience gained in the entire game.
 F = Experience gained in this place divided by the number of levels of this place that you have seen.
                   A       B       C       D       E      F
               +-------+-------+-------+-------+-------+----------------------
         Total | 100.0 | 100.0 | 100.0 | 100.0 | 100.0 | 668.3
       Dungeon |  81.9 |  82.7 | 100.0 |   0.0 |  86.4 | 673.6
        Bailey |  18.1 |  17.3 |   0.0 | 100.0 |  13.6 | 1273.0
               +-------+-------+-------+-------+-------+----------------------

Vault maps used:
D:1:      evilmike_arrival_fibonacci_small
D:2:      lemuel_upstairs_altar, zin_statuary
D:3:      minmay_wonky_spiral, makhleb_blood_cavern_becter,
          eat_drink_and_be_merry_uskayaw, kiku_gazebo_pond_becter,
          uniq_crazy_yiuf_cottage
D:4:      kennysheep_little_box, minmay_temple_entry_trees, uniq_blork_the_orc,
          uniq_grinder
D:5:      first_ration, uniq_menkaure
D:6:      grunt_temple_overflow_opulence, nicolae_overflow_hidden_temple,
          kennysheep_small_spiral
D:7:      led_sif_book, uniq_joseph
D:8:      nicolae_overflow_crystal_walls, enter_bailey_2, grunt_pizzeria
D:9:      marbit_many_paths, grunt_temple_overflow_open, david_lair_shrubbed
D:10:     serial_shops, nicolae_shop_trees, uniq_urug
D:11:     portal_ice_cave_demonic_guard, basic_loot_grate_trap,
          evilmike_ruin_ashenzari, uniq_nergalle
D:12:     nrook_uturn, uniq_frances
Temple:   pf_slimified_temple
Bailey:   bailey_polearm_gnolls_kennysheep, bailey
